 Dungeon Crawl Stone Soup version 0.29.1 (webtiles) character file.

Game seed: 10609030623726060705

25 Ordine the Shield-Bearer (level 2, -3/29 HPs)
             Began as a Troll Fighter on Sept 14, 2022.
             Slain by Sigmund
             ... wielding a +0 scythe
              (8 damage)
             ... on level 2 of the Dungeon.
             The game lasted 00:02:08 (980 turns).

Ordine the Shield-Bearer (Troll Fighter)             Turns: 980, Time: 00:02:09

Health: -3/29      AC:  6    Str: 23    XL:     2   Next: 82%
Magic:  1/1        EV: 12    Int:  4    God:
Gold:   81         SH:  7    Dex:  9    Spells: 1/1 levels left

rFire   . . .      SeeInvis .     - Unarmed
rCold   . . .      Faith    .   b - +0 kite shield
rNeg    . . .      Spirit   .   a - +0 robe
rPois   .          Reflect  .   d - +2 hat
rElec   .          Harm     .   (no cloak)
rCorr   .          Rampage  .   (gloves unavailable)
Will    .....                   (boots unavailable)
Stlth   +.........              (no amulet)
HPRegen 0.89/turn               h - +4 ring of evasion
MPRegen 0.07/turn               (no ring)

@: mighty
A: large, unfitting armour, claws 3, regeneration 1, shaggy fur 1, tough skin 1
a: no special abilities


You were on level 2 of the Dungeon.
You visited 1 branch of the dungeon, and saw 2 of its levels.

You collected 81 gold pieces.

Inventory:

Armour
 a - a +0 robe (worn)
 b - a +0 kite shield (worn)
 d - a +2 hat (worn)
Jewellery
 h - a +4 ring of evasion (left claw)
Scrolls
 g - 2 scrolls of amnesia {unknown}
 i - a scroll of teleportation {unknown}
 j - a scroll of magic mapping {unknown}
Potions
 e - a potion of cancellation {unknown}
 f - a potion of degeneration {unknown}


   Skills:
 + Level 2.6 Fighting
 - Level 2.4 Dodging
 + Level 3.0 Shields
 * Level 2.8 Unarmed Combat


You had one spell level left.
You didn't know any spells.
Your spell library was empty.

Dungeon Overview and Level Annotations

Branches:
Dungeon (2/15)

Altars:

Annotations:
D:2 Sigmund


Innate Abilities, Weirdness & Mutations

You are too large for most types of armour.
You have claws for hands.
Your natural rate of healing is unusually fast.
You are covered in fur. (AC +1)
You have tough skin. (AC +1)


Message History

The frilled lizard bites you but does no damage.
You miss the frilled lizard.
The frilled lizard bites you but does no damage.
You scratch the frilled lizard but do no damage.
The frilled lizard barely misses you.
Sigmund casts a spell.
Sigmund flickers and vanishes!
Deactivating autopickup; reactivate with Ctrl-A.
You miss the frilled lizard.
The frilled lizard bites you but does no damage.
You scratch the frilled lizard but do no damage.
The frilled lizard closely misses you. Something barely misses you.
You claw the frilled lizard!
You kill the frilled lizard!
Something hits you!
No target in view!
No target in view!
You feel very mighty all of a sudden.
Found a stone staircase leading up.
You block something's attack.
You see here a frilled lizard corpse.
You closely miss something. Something hits you.
You claw something! You closely miss something. Something hits you!
You closely miss something. Something hits you!
* * * LOW HITPOINT WARNING * * *
You scratch something. Something hits you.
* * * LOW HITPOINT WARNING * * *
You claw something! You miss something.
You hear some strange, mumbled words.
A magic dart appears from out of thin air!
The magic dart hits you.
* * * LOW HITPOINT WARNING * * *
You completely miss something.
You hear some strange, mumbled words.
A magic dart appears from out of thin air!
The magic dart hits you.
* * * LOW HITPOINT WARNING * * *
You barely miss something. Something hits you!
You die...

#.......##.........
#.#####.#..########
.........>##
...#####...##
............#
...#####....#
<...........#
............###
.......@........
......{.....####
...............
..........#####
####.###### #. #


There were no monsters in sight!

Vanquished Creatures
  A dart slug (D:2)
  A ball python (D:1)
  2 endoplasms (D:1)
  5 goblins (D:1)
  3 hobgoblins (D:1)
  2 kobolds (D:1)
  A quokka (D:1)
  A bat (D:1)
  2 frilled lizards
  2 rats
20 creatures vanquished.

Notes
Turn   | Place    | Note
-------+----------+-------------------------------------------
     0 | D:1      | Ordine the Troll Fighter began the quest for the Orb.
     0 | D:1      | Reached XP level 1. HP: 22/22 MP: 0/0
   195 | D:1      | Found a faded altar of an unknown god.
   230 | D:1      | Reached XP level 2. HP: 29/29 MP: 1/1
   937 | D:2      | Reached skill level 3 in Shields
   962 | D:2      | Noticed Sigmund
   980 | D:2      | Slain by Sigmund

Illustrated notes

Levels and vault maps discovered:
D:1:      onia_arrival_mini_maze, layout_loops_ring,
          dreamdust_ecumenical_altar_hidden_monk_grotto
D:2:      layout_rooms, minmay_misc_feat_rows, uniq_terence, uniq_sigmund

Skill      XL: |  1  2 |
---------------+-------+-----
Shields        | 3 |  3.0
Fighting       | |  2.6
Dodging        | |  2.4
Unarmed Combat | |  2.8

Action                   || total
-------------------------++-------
Melee: Unarmed           ||    53
  Use: Potion            ||     1
Armor: Robe              ||    12
Dodge: Dodged            ||    19
Block: Kite shield       ||     7
